 Dungeon Crawl Stone Soup version 0.22.1-2-g9c5b331383 (webtiles) character file.

1250 DildoBatman the Stinger (level 8, 0/57 HPs)
             Began as a Formicid Wizard on Dec 5, 2018.
             Was an Initiate of Sif Muna.
             Engulfed by a cloud of noxious fumes (2 damage)
             ... on level 7 of the Dungeon.
             The game lasted 00:27:22 (6065 turns).

DildoBatman the Stinger (Formicid Wizard)           Turns: 6065, Time: 00:27:22

Health: 0/57       AC:  3    Str: 12    XL:     8   Next: 80%
Magic:  9/14       EV: 11    Int: 20    God:    Sif Muna [......]
Gold:   281        SH:  0    Dex:  9    Spells: 6/15 levels left

rFire    . . .     SeeInvis +   b - +0 shortbow
rCold    . . .     Gourm    .   (no shield)
rNeg     . . .     Faith    .   j - +0 leather armour (curse)
rPois    .         Spirit   .   (helmet unavailable)
rElec    .         Reflect  .   (no cloak)
rCorr    .         Harm     .   (no gloves)
MR       .....                  (no boots)
Stlth    ++........             (no amulet)
HPRegen  0.19/turn              r - ring of stealth
MPRegen  0.14/turn              (no ring)

@: confused
A: permanent stasis, dig shafts and tunnels, four strong arms, antennae 3
a: Dig, Shaft Self, Renounce Religion


You were on level 7 of the Dungeon.
You worshipped Sif Muna.
Sif Muna was noncommittal.
You were hungry.

You visited 2 branches of the dungeon, and saw 8 of its levels.

You collected 281 gold pieces.

Inventory:

Hand Weapons
 a - a +1 whip of freezing
 b - a +0 shortbow (weapon)
 A - a +0 quarterstaff
Missiles
 f - 84 arrows (quivered)
 i - 23 poisoned needles
 k - 128 stones
 l - 40 sling bullets
 m - 23 bolts
 y - 7 tomahawks
Armour
 c - a cursed -1 leather armour
 j - a cursed +0 leather armour (worn)
 B - a +0 ring mail of positive energy
Magical Staves
 t - an uncursed staff of wizardry
Jewellery
 r - a ring of stealth (left hand)
Scrolls
 g - a scroll of fog
 n - 2 scrolls of enchant armour
 z - a scroll of remove curse {unknown}
 C - a scroll of magic mapping
Potions
 d - a potion of resistance {unknown}
 e - 2 potions of magic
 o - a potion of mutation {unknown}
 p - 2 potions of might {unknown}
 q - a potion of heal wounds {unknown}
 s - 2 potions of curing
 u - a potion of degeneration {unknown}
 w - a potion of ambrosia {unknown}
 x - a potion of flight {unknown}
Comestibles
 v - 12 rations


   Skills:
 - Level 2.8 Fighting
 - Level 2.8 Armour
 - Level 2.0 Dodging
 - Level 3.0 Stealth
 * Level 4.4 Spellcasting
 - Level 4.1 Conjurations
 * Level 3.3 Hexes
   Level 1.0 Summonings
   Level 0.8 Translocations
 - Level 3.0 Air Magic
 - Level 6.2 Poison Magic


You had 6 spell levels left.
You knew the following spells:

 Your Spells              Type           Power        Failure   Level  Hunger
a - Slow                  Hex            ###.....     6%          2    #......
b - Confuse               Hex            ###.....     12%         3    ###....
c - Magic Dart            Conj           ###.         3%          1    None
e - Mephitic Cloud        Conj/Pois/Air  ###.....     8%          3    ###....

Your spell library contained the following spells:

 Spells                   Type           Power        Failure   Level  Hunger
 Confusing Touch          Hex            ###...       4%          1    None
 Call Imp                 Summ           #.......     16%         2    #......
 Conjure Flame            Conj/Fire      ##......     21%         3    ###....
 Gell's Gravitas          Tloc           #.........   32%         3    ###....
 Petrify                  Tmut/Erth      #.......     83%         4    ####...
 Metabolic Englaciation   Hex/Ice        ##........   91%         5    ######.
 Yara's Violent Unravell  Hex/Tmut       ##........   91%         5    ######.
 Blink                    Tloc           Unusable     N/A         2    N/A

Dungeon Overview and Level Annotations

Branches:
Dungeon (7/15)             Temple (1/1) D:7

Altars:
Ashenzari
Cheibriados
Dithmenos
Elyvilon
Fedhas
Gozag
Hepliaklqana
Makhleb
Nemelex Xobeh
Okawaru
Qazlal
Ru
Sif Muna
Trog
Uskayaw
Vehumet
Wu Jian
Xom
Yredelemnul
Zin
The Shining One

Annotations:
D:1 Jessica
D:2 exclusions: hungry ghost and 1 more exclusion
D:3 1 exclusion
D:4 exclusion: ice beast
D:5 exclusion: phantom, Edmund
D:6 exclusion: centaur, Eustachio


Innate Abilities, Weirdness & Mutations

You cannot be hasted, slowed, berserked, paralysed or teleported.
You can dig through walls and to a lower floor.
Your four strong arms can wield two-handed weapons with a shield.
You have a pair of large antennae on your head. (SInv)


Message History

The killer bee stings you.
The killer bee stings you but does no damage.
The killer bee stings you!
Casting: Mephitic Cloud (safe; 8% risk of failure)
Confirm with . or Enter, or press ? or * to list all spells.
Aiming: Mephitic Cloud (safe; 8% risk of failure)
Press: ? - help, Shift-Dir - straight line, f - killer bee, p - killer bee
Aim: a killer bee (lightly wounded) That beam is likely to hit you.
Continue anyway?
The ball explodes into a vile cloud!
The stinking cloud engulfs the killer bee.
The killer bee is lightly wounded.
The stinking cloud engulfs you!
The stinking cloud engulfs the hungry ghost.
The hungry ghost appears unharmed.
The hungry ghost is lightly damaged.
You are engulfed in noxious fumes.
You choke on the stench!
You are confused.
You die...

#.# #.######## #####........# ##
#...#.######'#### .##
#.#.#.##........# ..######
####.#.#.##........#
......<####........##........#
...##...[##.##{#.####........#
.....{.#.##....#@########'####
y...#..y.........y§.........#####
....#..#.#...#..§W..............h
....#..#.#.)..........y...#..####
....#{.#.......###.§§.#.#.#..# #
....#..###.#...# #.##§#...#..# #
....y{.#.......###......W....####
###.##.#####.#............[..h...
#.##.......########$#####....#.


You could see a hungry ghost and 2 killer bees.

Vanquished Creatures
  Pikel (D:7)
  2 slaves
  An ogre (D:7)
  A centaur (D:5)
  A bullfrog (D:6)
  A killer bee (D:7)
  A bullfrog zombie (D:6)
  2 crimson imps
  A bullfrog skeleton (D:5)
  2 jellies
  A centaur skeleton (D:6)
  An orc priest (D:4)
  A hound (D:4)
  2 orc wizards (D:6)
  An iguana (D:7)
  2 worker ants
  8 adders
  An ooze (D:1)
  2 dart slugs (D:3)
  A worm (D:6)
  5 leopard geckos
  17 orcs
  8 bats
  3 giant cockroaches
  7 goblins
  3 hobgoblins
  6 jackals
  6 kobolds
  3 quokkas
  2 ball pythons (D:3)
  A frilled lizard (D:1)
  A jackal skeleton (D:4)
  A leopard gecko skeleton (D:5)
  4 rats
100 creatures vanquished.

Vanquished Creatures (others)
  2 slaves (D:7)
  A bullfrog (D:6)
  An orc priest (D:6)
  2 leopard geckos
  An orc (D:6)
  A bush (D:6)
8 creatures vanquished.

Grand Total: 108 creatures vanquished

Notes
Turn   | Place    | Note
-------+----------+-------------------------------------------
     0 | D:1      | DildoBatman the Formicid Wizard began the quest for the
                  | Orb.
     0 | D:1      | Reached XP level 1. HP: 13/13 MP: 4/4
    12 | D:1      | Reached skill level 1 in Conjurations
   116 | D:1      | Reached XP level 2. HP: 19/19 MP: 3/6
   535 | D:2      | Reached XP level 3. HP: 24/24 MP: 5/7
   539 | D:2      | Learned a level 2 spell: Slow
   543 | D:2      | Learned a level 3 spell: Mephitic Cloud
   561 | D:2      | Found a burning altar of Makhleb.
   645 | D:2      | Noticed Jessica
   749 | D:2      | Found an iron altar of Okawaru.
   798 | D:2      | Found a radiant altar of Vehumet.
   896 | D:2      | Found a hazy altar of Hepliaklqana.
  1277 | D:3      | Noticed a hungry ghost
  1387 | D:3      | Reached XP level 4. HP: 20/30 MP: 6/8
  1725 | D:3      | Found a hide-covered altar of Uskayaw.
  1729 | D:3      | Found a bloodstained altar of Trog.
  1973 | D:4      | Reached XP level 5. HP: 31/35 MP: 4/9
  2136 | D:4      | Learned a level 3 spell: Confuse
  2299 | D:4      | Reached skill level 1 in Poison Magic
  2520 | D:4      | Reached skill level 1 in Air Magic
  2520 | D:4      | Reached skill level 2 in Poison Magic
  2574 | D:4      | Reached XP level 6. HP: 19/41 MP: 1/10
  2675 | D:5      | Entered Level 5 of the Dungeon
  2884 | D:4      | Reached skill level 3 in Poison Magic
  3441 | D:5      | Reached skill level 4 in Poison Magic
  3541 | D:5      | Reached XP level 7. HP: 46/46 MP: 8/11
  4246 | D:6      | Noticed Eustachio
  4280 | D:6      | Found a basalt altar of Yredelemnul.
  4574 | D:6      | Reached skill level 5 in Poison Magic
  4601 | D:6      | Noticed Edmund
  4718 | D:6      | Found a shimmering altar of Xom.
  4843 | D:6      | Reached skill level 6 in Poison Magic
  4880 | D:6      | HP: 2/46 [black bear (3)]
  5150 | D:7      | Found a staircase to the Ecumenical Temple.
  5150 | D:7      | Noticed Pikel
  5191 | Temple   | Entered the Ecumenical Temple
  5315 | Temple   | Became a worshipper of Sif Muna the Loreminder
  5557 | D:7      | Noticed a hungry ghost
  5593 | D:7      | Reached skill level 1 in Fighting
  5593 | D:7      | Reached skill level 1 in Armour
  5593 | D:7      | Reached XP level 8. HP: 14/54 MP: 3/13
  5722 | D:7      | Reached skill level 1 in Hexes
  5733 | D:7      | Found a glowing golden altar of the Shining One.
  5863 | D:7      | Killed Pikel
  6064 | D:7      | HP: 2/57 [killer bee (8)]
  6065 | D:7      | Engulfed by a cloud of noxious fumes

Skill      XL: |  1  2  3  4  5  6  7  8 |
---------------+-------------------------+-----
Conjurations   | 1 2 3 4 |  4.1
Poison Magic   | 2 4 6 |  6.2
Air Magic      | 1 2 3 |  3.0
Fighting       | 1 2 |  2.8
Armour         | 1 2 |  2.8
Dodging        | 2 |  2.0
Stealth        | 3 |  3.0
Hexes          | 3 |  3.3
Spellcasting   | 4 |  4.4
Summonings     | |  1.0
Translocations | |  0.8

Action                   |  1- 3 |  4- 6 |  7- 9 || total
-------------------------+-------+-------+-------++-------
Melee: Short sword       |    24 |       |       ||    24
       Falchion          |     2 |    11 |       ||    13
       Quarterstaff      |       |    63 |   101 ||   164
       Whip              |       |       |    10 ||    10
 Fire: Shortbow          |       |    21 |    33 ||    54
Throw: Stone             |       |    12 |     6 ||    18
 Cast: Magic Dart        |    49 |    82 |   102 ||   233
       Mephitic Cloud    |     1 |    10 |    23 ||    34
       Slow              |       |       |     9 ||     9
 Abil: Dig               |     4 |     7 |    19 ||    30
  Use: Scroll            |       |     7 |     3 ||    10
       Potion            |       |       |     2 ||     2
 Stab: Confused          |       |     4 |     4 ||     8
       Sleeping          |       |     2 |       ||     2
  Eat: Chunk             |     2 |     9 |     7 ||    18
       Ration            |       |       |     2 ||     2
Armor: Robe              |     2 |       |       ||     2
       Leather armour    |     6 |    15 |    28 ||    49
Dodge: Dodged            |    13 |    49 |    96 ||   158
       Rpst.: Falchion   |     2 |     1 |       ||     3
